[Event "Julius Baer Generation Cup Prelims 2022"]
[Site "Online"]
[Date "2022.09.14"]
[Round "8.8"]
[White "Gelfand, Boris"]
[Black "Yoo, Christopher Woojin"]
[Result "1-0"]
[ECO "D11"]
[WhiteElo "2668"]
[BlackElo "2563"]
[Annotator "TA"]
[PlyCount "93"]
[EventDate "2022.09.12"]
[EventType "tourn"]
[EventCountry "NET"]
[SourceTitle "playchess.com"]
[Source "ChessBase"]
[SourceQuality "1"]
[TimeControl "900+10"]

1. d4 d5 2. c4 c6 3. Nf3 Nf6 4. e3 Bg4 5. Qb3 Qb6 6. Ne5 {[%emt 0:00:01] BESTDEEP} Bf5 {[%emt 0:00:07] BESTDEEP. D11: Slav Defence: 3 Nf3 sidelines and 3...Nf6 4 e3 Bg4.} 7. cxd5 $1 {[%emt 0:00:03][%mdl 4] CPLX 3.0 16 (Bf1-d3) (=8) is more profitable than 7.Nc3 at the moment.} cxd5 {[%emt 0:00:50] RELBLUND 79 (Qb6xb3) (=40)} (7... Qxb3 $11 {remains equal.} 8. axb3 Nxd5) 8. Nc3 {[%emt 0:00:49] CPLX 3.1 17 (Qb3xb6) (=11)} e6 {[%emt 0:00:54] CPLX 3.4 61 (Qb6xb3) (=47)} (8... Qxb3 $14 9. axb3 Nc6) 9. Qxb6 $16 {[%emt 0:03:05] White is more active. CPLX 3.4} axb6 {[%emt 0:00:00] RECAPT} 10. Bb5+ {[%emt 0:00:07] CPLX 2.3} Nbd7 $2 {[%emt 0:02:55] CPLX 2.4 195 (Nf6-d7) (=67)} (10... Nfd7 $16 {keeps fighting.}) 11. g4 $18 {[%emt 0:01:13] BESTDEEP} Bxg4 {[%emt 0:02:25] BESTDEEP} 12. Bxd7+ {[%emt 0:00:06][%mdl 64] [#] Deflection. EASY} Nxd7 {[%emt 0:00:01] RECAPT} 13. Nxg4 {[%emt 0:00:01][%cal Be5g4,Bg4f2,Bf2e4,Be4d6][%mdl 32] EASY} f6 {[%emt 0:00:49] CPLX 2.3 1 (h7-h5) (=42)} 14. f3 {[%emt 0:00:26] [#] CPLX 2.3} h5 $146 {[%emt 0:01:58] CPLX 2.3 25 (Ke8-f7) (=40)} ({Predecessor:} 14... Bb4 15. Bd2 Kf7 16. Nb5 Be7 17. Ke2 Rhc8 18. a3 e5 19. Rhc1 h5 20. Nf2 exd4 21. exd4 {1-0 (39) Koneru,C (2193)-Parveen,S (2140) Calicut 2003}) 15. Nf2 {[%emt 0:00:03] EASY} Kf7 {[%emt 0:00:05] CPLX 2.2 1 (Bf8-e7) (=36)} 16. Bd2 {[%emt 0:00:48] CPLX 2.3} g5 {[%emt 0:00:46] CPLX 2.3 20 (Bf8-e7) (=35)} 17. Ke2 {[%emt 0:01:16] BESTDEEP} Rg8 {[%emt 0:01:11] CPLX 2.4 40 (Nd7-b8) (=35)} 18. e4 {[%emt 0:01:30] CPLX 2.4} dxe4 {[%emt 0:00:09] CPLX 2.8 7 (Bf8-b4) (=33)} 19. Nfxe4 {[%emt 0:00:01] RECAPT} Be7 {[%emt 0:00:15] CPLX 3.1 0 (Ra8-d8) (=31)} 20. Nb5 {[%emt 0:00:17] CPLX 3.1} f5 {[%emt 0:01:03] CPLX 3.2 37 (Nd7-b8) (=31)} 21. Ned6+ {[%emt 0:00:03] CPLX 3.5} Kg6 {[%emt 0:00:02] CPLX 3.3 79 (Be7xd6) (=34)} 22. Rhg1 {[%emt 0:01:15] CPLX 3.4} g4 {[%emt 0:00:19] CPLX 4.4} 23. h3 {[%emt 0:00:02] CPLX 4.7} Nf6 {[%emt 0:00:02] CPLX 4.9 0 (Kg6-h7) (=30)} 24. Nc4 {[%emt 0:00:36] CPLX 5.1 10 (Ke2-d3) (=2)} Kh7 {[%emt 0:00:38] CPLX 4.8} 25. hxg4 {[%emt 0:00:01] CPLX 3.6 25 (f3xg4) (=3)} fxg4 {[%emt 0:00:02] RECAPT} 26. fxg4 {[%emt 0:00:03] CPLX 3.3 0 (Rg1-e1) (=3)} Nxg4 {[%emt 0:00:00] CPLX 3.3 42 (Rg8xg4) (=28)} 27. a3 {[%emt 0:00:42] CPLX 3.4 48 (Rg1-h1) (=5)} Raf8 {[%emt 0:00:16] CPLX 3.3 24 (Ra8-c8) (=28)} 28. Raf1 {[%emt 0:00:11] Inhibits Rf2+. CPLX 4.5} Rxf1 {[%emt 0:01:03] CPLX 3.8} 29. Rxf1 {[%emt 0:00:03] RECAPT} (29. Kxf1 $2 {perishes.} Nh2+ 30. Kf2 Bh4+ 31. Ke2 Rxg1 $19) 29... Kg6 {[%emt 0:00:00] CPLX 2.4 149 (Ng4-h6) (=32)} 30. Ne5+ {[%emt 0:01:26] BESTDEEP} Nxe5 {[%emt 0:00:04] CPLX 2.8 69 (Kg6-h7) (=33)} 31. dxe5 {[%emt 0:00:01] RECAPT} Rc8 {[%emt 0:01:22] EVAL 165 (Be7-h4) (=38)} 32. Rg1+ {[%emt 0:00:40] CPLX 2.3 169 (Nb5-d6) (=11)} Kh7 {[%emt 0:00:03] EVAL 155 (Kg6-f7) (=43)} 33. Nd6 {[%emt 0:00:20] EVAL} Rf8 {[%emt 0:00:38] BEVAL 400 (Rc8-b8) (=55)} 34. Rf1 {[%emt 0:00:54] BEVAL} Rxf1 {[%emt 0:00:09] BEVAL 400 (Kh7-g8) (=67)} 35. Kxf1 {[%emt 0:00:02] [#] Be3 is the strong threat. BEVAL} Kg6 {[%emt 0:00:00] BEVAL 400 (Be7-f8) (=78)} 36. Be3 {[%emt 0:00:24] BEVAL} b5 {[%emt 0:00:15] BEVAL} 37. Kg2 h4 38. Kh3 b4 39. axb4 {[%emt 0:00:08] White mates.} b5 40. Kg4 Bd8 41. Nxb5 h3 42. Bf4 Bg5 43. Bh2 ({But not} 43. Bxg5 $2 h2 44. Nd4 h1=Q $19) 43... Bc1 44. Nd4 Kf7 45. b3 Bb2 46. Nc2 Ke7 47. Ne3 {[%emt 0:00:05] Black got outplayed after the opening.  Weighted Error Value: White=0.11 (very precise) /Black=0.36} (47. b5 $142 Kd7 48. Kxh3 Ke7 49. Ne3 Bd4 50. Nc4 Bf2 51. Kg4 Be1 52. Bf4) 1-0

[Event "Julius Baer Generation Cup Prelims 2022"]
[Site "Online"]
[Date "2022.09.14"]
[Round "9.1"]
[White "Yoo, Christopher Woojin"]
[Black "Giri, Anish"]
[Result "1-0"]
[ECO "E67"]
[WhiteElo "2563"]
[BlackElo "2764"]
[Annotator "TA"]
[PlyCount "97"]
[EventDate "2022.09.12"]
[EventType "tourn"]
[EventCountry "NET"]
[SourceTitle "playchess.com"]
[Source "ChessBase"]
[SourceQuality "1"]
[TimeControl "900+10"]

1. d4 Nf6 2. c4 g6 3. Nf3 Bg7 4. g3 O-O 5. Bg2 d6 6. O-O Nbd7 7. Nc3 e5 8. Qc2 exd4 9. Nxd4 Nb6 10. Rd1 Nxc4 11. Ncb5 a6 12. Qxc4 axb5 13. Nxb5 {[%emt 0:00:00] RECAPT} Ne8 {[%emt 0:00:01] CPLX 3.0. E67: King's Indian: Fianchetto: 6...Nbd7.} 14. Qc2 {[%emt 0:01:43] CPLX 3.0 19 (Qc4-b4) (=10)} Bf5 {[%emt 0:02:32] BESTDEEP} 15. e4 {[%emt 0:00:12] CPLX 3.1} Bg4 {[%emt 0:00:04] BESTDEEP. The position is equal.} 16. Rd3 {[%emt 0:01:07] BESTDEEP} Bd7 {[%emt 0:02:49] CPLX 2.8 17 (Qd8-e7) (=4)} 17. Nc3 {[%emt 0:00:46] BESTDEEP} Nf6 {[%emt 0:00:38][%cal Be8f6,Bf6d7,Bd7c5][%mdl 32] [#] CPLX 2.4} 18. b3 $146 {[%emt 0:02:13] CPLX 2.2 11 (Rd3-d1) (=5)} ({Predecessor:} 18. e5 Ng4 19. exd6 Ne5 20. dxc7 Qxc7 21. Rd5 Bc6 22. Rc5 Qd6 23. Ne4 Qd3 24. Be3 {½-½ (37) Marconi,R (1992)-Matveev,V (2185) ICCF email 2018}) 18... Re8 {[%emt 0:00:13][%cal Of6e4] CPLX 2.2 0 (Nf6-g4) (=3)} 19. Bb2 {[%emt 0:00:03] BESTDEEP} Bc6 {[%emt 0:02:45] CPLX 2.3} 20. Re1 {[%emt 0:00:36] BESTDEEP} b5 {[%emt 0:01:30][%cal Bb7b5,Bb5b4][%mdl 32] CPLX 2.3 8 (h7-h5) (=3)} 21. e5 {[%emt 0:01:42] RELBLUND 52 (Rd3-d1) (=9)} (21. Rdd1 $11) 21... Bxg2 $15 {[%emt 0:00:13] CPLX 3.6} 22. Kxg2 {[%emt 0:00:00] RECAPT} Nd7 {[%emt 0:02:51] CPLX 2.9} 23. f4 {[%emt 0:02:00] CPLX 2.6} Qc8 {[%emt 0:00:14][%cal Rd6e5] BESTDEEP} 24. Red1 {[%emt 0:00:56] DEEPSTRONG} Nc5 $36 {[%emt 0:01:03][%mdl 2048] Black has some pressure. CPLX 2.9 0 (Qc8-b7) (=2)} 25. R3d2 {[%emt 0:01:13] BESTDEEP} b4 {[%emt 0:01:21] CPLX 3.8 24 (Qc8-b7) (=4)} ({Much weaker is} 25... dxe5 26. Nd5 Ne6 27. Bxe5 Bxe5 28. fxe5 $11) 26. Nd5 {[%emt 0:00:06] CPLX 3.9} Rxa2 {[%emt 0:00:05] EASY} 27. Qc4 {[%emt 0:00:06] CPLX 3.8} Qb7 {[%emt 0:00:53] CPLX 3.5 3 (Qc8-a6) (=3)} 28. Kg1 {[%emt 0:00:17] CPLX 3.5 20 (e5xd6) (=6)} Ne6 {[%emt 0:00:32] BESTDEEP} 29. g4 {[%emt 0:01:28] MISSDEEP-Nd5xb4 144 (Nd5xb4) (=14)} (29. Nxb4 $11 {and White has nothing to worry.} Ra5 30. Qc6) 29... c6 {[%emt 0:00:23] CPLX 3.8 81 (c7-c5) (=8)} (29... c5 $19 30. Qe4 Qa7) 30. Nxb4 $17 {[%emt 0:00:10] EASY} d5 {[%emt 0:00:07] BESTDEEP} 31. Qxc6 {[%emt 0:00:01][%mdl 8192] [#] RELBLUND 289 (Qc4-c3) (=28)} (31. Qc3 $17 Raa8 32. Nd3) 31... Qxc6 $2 {[%emt 0:00:03] MISSDEEP-Qb7xb4 392 (Qb7xb4) (=28)} (31... Qxb4 $19 32. Qxe8+ Bf8) 32. Nxc6 $11 {[%emt 0:00:00] RECAPT} Nxf4 {[%emt 0:00:01] EASY} 33. Nb4 {[%emt 0:00:07][%csl LRa2,LRd5] CPLX 2.7} Raa8 {[%emt 0:01:16] CPLX 2.9 11 (Ra2-a5) (=26)} 34. Nxd5 {[%emt 0:00:15] CPLX 2.4} Nxd5 {[%emt 0:00:09] RECAPT} 35. Rxd5 {[%emt 0:00:00] RECAPT} h6 {[%emt 0:00:04] RELBLUND 67 (Bg7-f8) (=26)} (35... Bf8 $11 {remains equal.}) 36. b4 $16 {[%emt 0:00:27][%cal Bb3b4,Bb4b5,Bb5b6][%mdl 32] CPLX 2.0} Bf8 {[%emt 0:00:04] CPLX 2.0 91 (Ra8-a2) (=29)} (36... Ra2 $16 37. Bc3 Re2) 37. b5 $18 {[%emt 0:00:06] aiming for b6. CPLX 2.0=>BLUNDERREACT} Ra2 {[%emt 0:00:28] CPLX 2.0 13 (Re8-b8) (=28)} 38. Bd4 {[%emt 0:00:44] Black must now prevent Rd7. CPLX 2.2} Ra4 $2 {[%emt 0:00:07] MISSDEEP-Ra2-a5 156 (Ra2-a5) (=33)} (38... Ra5 {might work better.} 39. Be3 Ra3) 39. b6 {[%emt 0:00:16] DEEPSTRONG=>BLUNDERREACT} Rb4 {[%emt 0:00:01] CPLX 2.3} 40. Kg2 {[%emt 0:00:07] BESTDEEP} Rc8 {[%emt 0:00:02] CPLX 2.4 49 (h6-h5) (=33)} 41. Rd2 {[%emt 0:00:15] BESTDEEP} Be7 {[%emt 0:00:08] CPLX 2.5 71 (Rb4-b3) (=34)} 42. Rd7 {[%emt 0:00:15] CPLX 2.4} Bg5 {[%emt 0:00:24] CPLX 2.7 144 (Be7-f8) (=38)} 43. Rf2 {[%emt 0:00:11] CPLX 2.8 400 (Rd2-d3) (=30)} (43. Rd3) 43... Rd8 {[%emt 0:00:02] CPLX 2.7=>BLUNDERREACT} 44. Rxd8+ {[%emt 0:00:28] CPLX 2.9} ({Inferior is} 44. Rfxf7 Rxd4 45. b7 R4xd7 $11) 44... Bxd8 {[%emt 0:00:00] RECAPT} 45. Bc5 {[%emt 0:00:08] EASY} Rb5 {[%emt 0:00:15] [#] EASY} 46. e6 $1 {[%emt 0:00:05][%cal Be5e6,Be6e7][%mdl 32] DEEPSTRONG} Rxc5 {[%emt 0:00:12] EASY} 47. b7 {[%emt 0:00:01] EASY} ({Don't blunder} 47. exf7+ $2 Kf8 48. Rb2 Rc8 $19) 47... Bc7 {[%emt 0:00:23] RELBLUND 400 (Rc5-b5) (=44)} (47... Rb5 $18 48. Rxf7 Ba5) 48. e7 {[%emt 0:00:22] DEEPSTRONG=>BLUNDERREACT} Re5 {[%emt 0:00:40] EASY} 49. Rc2 {[%emt 0:00:00] Quite a comeback for White.  Weighted Error Value: White=0.29 (precise) /Black=0.52} 1-0

[Event "Julius Baer Generation Cup Prelims 2022"]
[Site "Online"]
[Date "2022.09.14"]
[Round "9.3"]
[White "Keymer, Vincent"]
[Black "Duda, Jan-Krzysztof"]
[Result "1-0"]
[ECO "A18"]
[WhiteElo "2693"]
[BlackElo "2731"]
[Annotator "TA"]
[PlyCount "53"]
[EventDate "2022.09.12"]
[EventType "tourn"]
[EventCountry "NET"]
[SourceTitle "playchess.com"]
[Source "ChessBase"]
[SourceQuality "1"]
[TimeControl "900+10"]

1. c4 e6 2. Nc3 Nf6 3. e4 d5 4. cxd5 exd5 5. e5 Ne4 6. Nf3 {[%emt 0:00:01] CPLX 2.9 9 (d2-d4) (=9)} Bf5 {[%emt 0:00:03] BESTDEEP 6...Bf5 is better than 6...Nc6. A18: English Opening: Flohr-Mikenas System (1 c4 Nf6 2 Nc3 e6 3 e4).} 7. d3 {[%emt 0:00:03] CPLX 2.8 12 (d2-d4) (=11)} (7. d4 {feels hotter.} Bb4 8. Qa4+ Nc6 9. Bb5) 7... Nxc3 {[%emt 0:00:01] CPLX 3.0} 8. bxc3 {[%emt 0:00:02] RECAPT} c5 {[%emt 0:00:02] BESTDEEP. The position is equal.} 9. d4 {[%emt 0:00:06] BESTDEEP} c4 {[%emt 0:00:10] Inhibits Bd3. BESTDEEP} 10. a4 {[%emt 0:00:04] [#] BESTDEEP} Qa5 $146 {[%emt 0:00:23] CPLX 2.3 10 (Nb8-c6) (=2)} ({Predecessor:} 10... Nc6 11. Be2 Be7 12. Ba3 Bxa3 13. Rxa3 f6 14. Ra2 O-O 15. O-O Qa5 16. Qd2 Rae8 17. exf6 Rxf6 {1-0 (36) Duda,J (2731)-Nakamura,H (2749) Saint Louis 2019}) 11. Bd2 {[%emt 0:00:26] CPLX 2.6} Be7 {[%emt 0:00:02] Prevents Nh4. CPLX 2.3 19 (Nb8-c6) (=5)} 12. Be2 {[%emt 0:00:07][%cal Bf1e2,Be2g4,Bg4f5][%mdl 32] EASY} Na6 {[%emt 0:00:09] CPLX 2.4 18 (Nb8-c6) (=7)} 13. O-O {[%emt 0:00:20] CPLX 2.4} Nc7 {[%emt 0:00:01] CPLX 2.4 37 (0-0) (=11)} 14. Ne1 {[%emt 0:00:31][%cal Bf3e1,Be1c2,Bc2e3][%mdl 32] DEEPSTRONG} g5 {[%emt 0:02:03] CPLX 2.4 39 (f7-f6) (=14)} 15. Nc2 {[%emt 0:00:59] CPLX 2.5 18 (Be2-h5) (=4)} Bg6 {[%emt 0:00:26] CPLX 2.6 25 (h7-h5) (=15)} 16. Ne3 {[%emt 0:01:58] CPLX 2.4 29 (Be2-h5) (=6)} Ne6 {[%emt 0:00:55] CPLX 2.5 48 (h7-h5) (=18)} (16... h5 $142) 17. Bg4 {[%emt 0:00:23] CPLX 2.5 42 (Be2-h5) (=9)} h5 {[%emt 0:00:25] CPLX 2.7 18 (0-0-0) (=18)} 18. Bf5 {[%emt 0:00:05] CPLX 3.0} O-O-O {[%emt 0:01:28] DEEPSTRONG} 19. Rb1 {[%emt 0:03:00][%cal Ba1b1,Bb1b2,Bb2b6][%mdl 32] CPLX 2.9 14 (Qd1-b1) (=9)} a6 {[%emt 0:00:37] Inhibits Rb5. CPLX 3.2 49 (Qa5-c7) (=19)} (19... Qc7 $16 {might work better.}) 20. Rb2 {[%emt 0:01:04] Black must now prevent Bxg6. CPLX 3.3 17 (Qd1-c2) (=9)} Rhg8 {[%emt 0:00:32] Loses the game. CPLX 3.2 189 (Rd8-d7) (=30)} (20... Rd7 $16 21. Qc2 Rg8) 21. Bxg6 $18 {[%emt 0:01:24] DEEPSTRONG=>BLUNDERREACT} fxg6 {[%emt 0:00:13] [#] RECAPT 42 (Rg8xg6) (=31)} 22. Qf3 $1 {[%emt 0:00:03] DEEPSTRONG} Nc7 $2 {[%emt 0:04:10] [#] CPLX 2.9 303 (Rg8-f8) (=47)} (22... Rgf8 23. Nxc4 Rxf3 24. Nxa5 Rd3) 23. Nxc4 $1 {[%emt 0:02:58][%mdl 512] EASY} dxc4 {[%emt 0:00:12] RECAPT 0 (g5-g4) (=44)} 24. Qxb7+ {[%emt 0:00:00] CPLX 4.5} Kd7 {[%emt 0:00:02] Hoping for ...Rb8. LEGAL} 25. Rb6 {[%emt 0:00:26] White wants to mate with Qc6+. EASY. White is clearly winning.} Rc8 {[%emt 0:00:25] BEVAL 400 (Qa5-d5) (=60)} 26. e6+ {[%emt 0:01:27] BEVAL} Kd8 {[%emt 0:01:04] BEVAL} 27. Rfb1 {[%emt 0:00:00] Weighted Error Value: White=0.07 (flawless) /Black=0.48} 1-0

[Event "Julius Baer Generation Cup Prelims 2022"]
[Site "Online"]
[Date "2022.09.14"]
[Round "9.4"]
[White "Erigaisi Arjun"]
[Black "Ivanchuk, Vasyl"]
[Result "1-0"]
[ECO "C41"]
[WhiteElo "2725"]
[BlackElo "2678"]
[Annotator "TA"]
[PlyCount "49"]
[EventDate "2022.09.12"]
[EventType "tourn"]
[EventCountry "NET"]
[SourceTitle "playchess.com"]
[Source "ChessBase"]
[SourceQuality "1"]
[TimeControl "900+10"]

1. d4 Nf6 2. Bg5 d6 3. Nc3 Nbd7 4. e4 e5 5. Nf3 Be7 6. Bc4 c6 7. a4 O-O 8. O-O {[%emt 0:00:09] CPLX 2.7} h6 {[%emt 0:00:09] has lost popularity (8...b6). C41: Philidor Defence.} 9. Be3 {[%emt 0:00:50] CPLX 2.9} Re8 {[%emt 0:00:32] [#]} 10. Re1 $146 {[%emt 0:00:20] CPLX 2.8 10 (h2-h3) (=3)} ({Predecessor:} 10. Ba2 Bf8 11. dxe5 dxe5 12. Nh4 Bb4 13. Qf3 Nf8 14. Rad1 Qe7 15. Nf5 Bxf5 16. Qxf5 {½-½ (28) Kosic,D (2515)-Pikula,D (2495) Niksic 1997}) 10... Ng4 {[%emt 0:01:28] The position is equal.} 11. Bc1 {[%emt 0:00:13] BESTDEEP} exd4 {[%emt 0:00:01] CPLX 3.5 5 (Be7-h4) (=1)} 12. Nxd4 {[%emt 0:00:05][%cal Bf3d4,Bd4f5,Bf5d6,Bd6c8][%mdl 32] RECAPT} Bf6 {[%emt 0:00:05] BESTDEEP} 13. Nf5 {[%emt 0:01:44] CPLX 4.3 25 (h2-h3) (=6)} (13. Qxg4 Bxd4 14. Qg3 Nf6 $15) (13. h3 $5 Qb6 14. Nce2 $11) 13... Nb6 {[%emt 0:02:45] MISS-Nd7-e5 54 (Nd7-e5) (=10)} ({Black should play} 13... Nde5 $11 14. Be2 (14. Nxd6 Nxc4 15. Nxc4 Bd4 $11) 14... Bxf5 15. exf5 d5) 14. Bxf7+ $1 $14 {[%emt 0:02:40] CPLX 5.6} (14. Qxg4 Nxc4 15. Nxh6+ Kf8 $11) 14... Kxf7 {[%emt 0:00:03] RECAPT} 15. Qxg4 {[%emt 0:00:00][%cal Oc1h6] aiming for Bxh6! CPLX 4.9 29 (Nf5xd6) (=8)} Bxc3 {[%emt 0:00:08] EASY} 16. bxc3 {[%emt 0:00:03] RECAPT} Qf6 {[%emt 0:00:07] [#] A mistake that costs the game. MISS-Bc8xf5 214 (Bc8xf5) (=30)} ({Black should try} 16... Bxf5 $14 17. Qxf5+ Qf6 18. Qxf6+ Kxf6) 17. Qh5+ $1 $18 {[%emt 0:00:34] CPLX 4.3=>BLUNDERREACT} Kf8 {[%emt 0:00:21] [#] CPLX 3.9 115 (g7-g6) (=39)} (17... g6 {is a better defense.} 18. Nxh6+ Kg7) 18. Nxd6 $1 {[%emt 0:00:26][%csl Gd6][%cal Rh5e8][%mdl 512] BESTDEEP} Re5 {[%emt 0:00:04] BESTDEEP} 19. Qd1 {[%emt 0:00:10] And now a5 would win. CPLX 5.0} Kg8 {[%emt 0:00:16] CPLX 3.5 166 (Bc8-g4) (=46)} (19... Bg4 $142 20. Qxg4 Qxd6) 20. a5 {[%emt 0:00:30] CPLX 3.5. White is clearly winning.} Nd5 {[%emt 0:01:51] CPLX 3.8} 21. Nxc8 {[%emt 0:00:04] EASY} (21. exd5 Qxd6 22. dxc6 Rxe1+ 23. Qxe1 Qxc6 $16) 21... Nxc3 {[%emt 0:00:01] CPLX 3.9 68 (Ra8xc8) (=44)} 22. Qd7 {[%emt 0:00:03] BESTDEEP} ({And not} 22. Qd4 Rxe4 23. Qd2 (23. Rxe4 $2 Ne2+ 24. Rxe2 Qxd4 $19) 23... Rxc8 $11) 22... Nxe4 {[%emt 0:00:07] CPLX 4.1 92 (Qf6-e6) (=48)} 23. Be3 {[%emt 0:00:03] CPLX 5.0 133 (f2-f4) (=12)} ({Wrong is} 23. Bb2 $2 Qxf2+ 24. Kh1 {[#]} Ng3+ $1 25. hxg3 Rh5+ 26. Qh3 Rxh3+ 27. gxh3 Rxc8 $19) 23... Qf7 {[%emt 0:00:10] CPLX 3.8} 24. Qxf7+ {[%emt 0:00:09] CPLX 4.2} Kxf7 {[%emt 0:00:05] RECAPT} 25. Bd4 {[%emt 0:00:19] Weighted Error Value: White=0.17 (very precise) /Black=0.52} 1-0

[Event "Julius Baer Generation Cup Prelims 2022"]
[Site "Online"]
[Date "2022.09.14"]
[Round "9.5"]
[White "Carlsen, Magnus"]
[Black "Saric, Ivan"]
[Result "1-0"]
[ECO "D12"]
[WhiteElo "2861"]
[BlackElo "2668"]
[Annotator "TA"]
[PlyCount "99"]
[EventDate "2022.09.12"]
[EventType "tourn"]
[EventCountry "NET"]
[SourceTitle "playchess.com"]
[Source "ChessBase"]
[SourceQuality "1"]
[TimeControl "900+10"]

1. c4 c6 2. Nf3 d5 3. e3 Nf6 4. d4 Bf5 5. Nc3 e6 6. Nh4 Bg6 7. Nxg6 hxg6 {[%emt 0:00:00] RECAPT} 8. Bd2 {[%emt 0:00:02] BESTDEEP. D12: Slav Defence: 3 Nf3 Nf6 4 e3 Bf5.} Nbd7 {[%emt 0:00:04] CPLX 2.2} 9. Qc2 {[%emt 0:00:04] CPLX 2.2 10 (c4-c5) (=5)} Rc8 {[%emt 0:00:41] CPLX 2.2 38 (Bf8-e7) (=13)} 10. h3 {[%emt 0:01:13] CPLX 2.2 35 (c4-c5) (=15). White is slightly better.} Bb4 {[%emt 0:02:16] CPLX 2.2} 11. Bd3 {[%emt 0:03:25] CPLX 2.4} dxc4 {[%emt 0:01:48] CPLX 2.5} 12. Bxc4 {[%emt 0:00:01] RECAPT} c5 {[%emt 0:00:34] CPLX 2.5 10 (0-0) (=8)} 13. dxc5 {[%emt 0:00:02] BESTDEEP} O-O {[%emt 0:00:27] CPLX 2.5 3 (g6-g5) (=7)} 14. O-O {[%emt 0:00:46] CPLX 2.5} Nxc5 {[%emt 0:00:15] CPLX 2.6} 15. Rfd1 {[%emt 0:00:26] [#] BESTDEEP} Qe7 $146 {[%emt 0:01:51] CPLX 2.7 29 (Nc5-d7) (=9)} ({Predecessor:} 15... Ncd7 16. Qb3 Be7 17. Be1 Qc7 18. Bf1 a6 19. Rac1 Qb8 20. g3 b5 21. Ne2 Nc5 {1-0 (75) Osipov,S (2464)-Toro Solis de Ovando,G (2525) ICCF email 2015}) 16. a3 {[%emt 0:00:26] EASY} Bxc3 {[%emt 0:01:33] CPLX 2.7} 17. Bxc3 {[%emt 0:00:06] RECAPT} b6 {[%emt 0:00:42] CPLX 2.6 16 (Rf8-d8) (=9)} 18. Qe2 {[%emt 0:01:43] CPLX 2.7 0 (Ra1-c1) (=4)} Rfd8 {[%emt 0:00:11] CPLX 2.5 1 (Nf6-e4) (=8)} 19. Rxd8+ {[%emt 0:00:03] CPLX 2.8 5 (Bc3-e5) (=4)} Rxd8 {[%emt 0:00:05] RECAPT} 20. Rd1 {[%emt 0:00:06] CPLX 2.4 19 (Ra1-c1) (=5)} Rxd1+ {[%emt 0:00:33] CPLX 2.6 5 (Nc5-e4) (=7)} 21. Qxd1 {[%emt 0:00:01] RECAPT} a5 {[%emt 0:01:14] CPLX 2.2 42 (Qe7-c7) (=10)} 22. Be2 {[%emt 0:02:12] CPLX 2.2 40 (f2-f3) (=7)} Nd5 {[%emt 0:00:37] CPLX 2.1 11 (Qe7-c7) (=10)} 23. Be5 {[%emt 0:00:06] CPLX 2.3} Qg5 {[%emt 0:01:05] CPLX 2.3 4 (f7-f6) (=9)} 24. Bd4 {[%emt 0:00:12] BESTDEEP} Qe7 {[%emt 0:00:25] CPLX 2.7} 25. Bf3 {[%emt 0:00:05] CPLX 2.2 1 (b2-b3) (=6)} Nf6 {[%emt 0:00:37] CPLX 2.3 36 (Qe7-d6) (=10)} 26. Qc2 {[%emt 0:00:11] CPLX 2.2 12 (b2-b4) (=6)} Qd6 {[%emt 0:00:39] CPLX 2.2} 27. Qc4 {[%emt 0:00:34] CPLX 2.7 0 (b2-b4) (=6)} Ncd7 {[%emt 0:00:09] [#] CPLX 2.7 79 (e6-e5) (=13)} (27... e5 $142 28. Bc3 e4) 28. Qc8+ $1 $16 {[%emt 0:00:16] CPLX 2.7} Kh7 {[%emt 0:00:09] [#] CPLX 2.9} 29. Qc6 $1 {[%emt 0:00:18] White is much more active. CPLX 2.9} Qxc6 {[%emt 0:00:06] CPLX 2.9 34 (Qd6-b8) (=13)} 30. Bxc6 {[%emt 0:00:02][%mdl 4096] Endgame KBB-KNN. RECAPT} Kg8 {[%emt 0:00:09] CPLX 2.0} 31. e4 {[%emt 0:00:28] CPLX 2.0 50 (f2-f4) (=7)} (31. f4 $18) 31... e5 {[%emt 0:00:12] CPLX 2.0} 32. Be3 {[%emt 0:00:01] CPLX 2.0} Kf8 {[%emt 0:00:06] CPLX 2.0} 33. b4 {[%emt 0:00:04] CPLX 2.0 64 (f2-f3) (=9)} (33. f3 $16) 33... axb4 $14 {[%emt 0:00:01] CPLX 2.0} 34. axb4 {[%emt 0:00:01] RECAPT} Ke7 {[%emt 0:00:03] CPLX 2.0} 35. f3 {[%emt 0:00:01] CPLX 2.0} Kd6 {[%emt 0:00:02] CPLX 2.0 57 (Nd7-b8) (=13)} ({Better is} 35... Nb8 $14 36. Bb5 Nfd7) 36. Bb5 $16 {[%emt 0:00:00] CPLX 2.0} Nh5 {[%emt 0:01:36] CPLX 2.0 22 (Nf6-h7) (=13)} 37. Kf2 {[%emt 0:00:49] CPLX 2.0} Nf4 {[%emt 0:00:14] BESTDEEP} 38. g3 {[%emt 0:00:23] BESTDEEP} Ne6 {[%emt 0:00:06] BESTDEEP} 39. Ke2 {[%emt 0:00:00] RELBLUND 86 (f3-f4) (=10)} (39. f4 $16) 39... f6 {[%emt 0:00:40] MISSDEEP-Nd7-b8 138 (Nd7-b8) (=16)} ({Black should play} 39... Nb8 $14) 40. h4 {[%emt 0:00:15] CPLX 2.0 88 (Ke2-d3) (=12)} (40. Kd3 $18 {has better winning chances.}) 40... Nc7 $2 {[%emt 0:01:10][%mdl 8192] RELBLUND 376 (g6-g5) (=27)} (40... g5 $16) 41. Bxd7 $18 {[%emt 0:00:05] EASY} Kxd7 {[%emt 0:00:01] RECAPT} 42. Bxb6 {[%emt 0:00:01] KB-KN. EASY} Ne6 {[%emt 0:00:21] EVAL 325 (Nc7-b5) (=34)} (42... Nb5 $142 43. Kd3 Ke6) 43. b5 {[%emt 0:00:04] EVAL. White is clearly winning.} Kd6 {[%emt 0:00:09] CPLX 2.0 0 (f6-f5) (=33)} 44. Kd3 {[%emt 0:00:03] CPLX 2.0} f5 {[%emt 0:00:23] BEVAL 400 (Ne6-c5) (=43)} 45. Kc4 {[%emt 0:00:12] BEVAL} fxe4 {[%emt 0:00:14] BEVAL 400 (Kd6-d7) (=52)} 46. fxe4 {[%emt 0:00:00] BEVAL} g5 {[%emt 0:00:01] BEVAL 3 (Kd6-e7) (=51)} 47. h5 {[%emt 0:00:01] BEVAL} g4 {[%emt 0:00:01] BEVAL} 48. Be3 {[%emt 0:00:08] BEVAL} Nd8 {[%emt 0:00:06] BEVAL 3 (Kd6-c7) (=48)} 49. Bc5+ {[%emt 0:00:09] BEVAL} Ke6 {[%emt 0:00:15] BEVAL} 50. b6 {[%emt 0:00:04] Weighted Error Value: White=0.14 (very precise) /Black=0.36} 1-0